 Dungeon Crawl Stone Soup version 0.31-a0-18-gea43df2 (webtiles) character file.

Game seed: 8322693541123343903

3224 Nithhogg the Cleaver (level 9, -5/83 HPs)
             Began as a Hill Orc Fighter on May 9, 2023.
             Was a Follower of the Shining One.
             Slain by a death yak (21 damage)
             ... on level 8 of the Dungeon.
             The game lasted 00:10:19 (6912 turns).

Nithhogg the Cleaver (Hill Orc Fighter)             Turns: 6912, Time: 00:10:20

Health: -5/83      AC: 11    Str: 29    XL:     9   Next: 98%
Magic:  24/24      EV: 10    Int: 17    God:    the Shining One [*.....]
Gold:   386        SH:  5    Dex: 10    Spells: 8/8 levels left

rFire   . . .        t - +11 whip "Uchat" {venom, Contam MP+9 Int+9}
rCold   . . .        (no shield)
rNeg    . . .        b - +0 scale mail
rPois   .            i - +2 helmet
rElec   .            (no cloak)
rCorr   .            (no gloves)
SInv    .            (no boots)
Will    .....        y - amulet of reflection Stlth
                     e - +6 ring of strength
HPRegen 0.33/turn    (no ring)
MPRegen 0.19/turn

%: reflection
@: glowing
A: no striking features
a: Renounce Religion, Divine Shield


You were on level 8 of the Dungeon.
You worshipped the Shining One.
The Shining One was aware of your devotion.
You visited 1 branch of the dungeon, and saw 8 of its levels.

You collected 386 gold pieces.

Inventory:

Hand Weapons
 a - a +0 war axe
 h - a +2 vampiric whip
 o - a +0 broad axe
 t - the +11 whip "Uchat" (weapon) {venom, Contam MP+9 Int+9}
   (You found it on level 3 of the Dungeon)

   Int:       It affects your intelligence (+9).
   MP:        It affects your magic capacity (+9).
   Contam:    It causes magical contamination when unequipped.
Missiles
 v - 2 atropa-tipped darts (quivered)
Armour
 b - a +0 scale mail (worn)
 c - a +0 buckler
 i - a +2 helmet (worn)
Jewellery
 e - a +6 ring of strength (left hand)
 n - an amulet of magic regeneration
 y - an amulet of reflection (around neck)
Wands
 l - a wand of flame (42)
 D - a wand of digging (4)
 G - a wand of mindburst (14)
Scrolls
 f - 8 scrolls of identify {unknown}
 j - 2 scrolls of amnesia {unknown}
 k - 3 scrolls of teleportation {unknown}
 m - 4 scrolls of immolation {unknown}
 p - a scroll of enchant armour {unknown}
 x - 2 scrolls of silence {unknown}
 z - a scroll of blinking {unknown}
 C - a scroll of torment {unknown}
 F - a scroll of magic mapping {unknown}
Potions
 d - 2 potions of might
 g - 2 potions of heal wounds {unknown}
 q - 3 potions of ambrosia {unknown}
 r - a potion of attraction {unknown}
 s - a potion of lignification {unknown}
 u - 3 potions of curing {unknown}
 w - a potion of haste {unknown}
 A - a potion of magic {unknown}
 B - a potion of cancellation {unknown}
 E - 3 potions of berserk rage {unknown}


   Skills:
 + Level 9.0 Fighting
 + Level 9.3 Axes
 + Level 8.2 Armour
 - Level 3.2 Shields
 + Level 8.8 Invocations


You had 8 spell levels left.
You didn't know any spells.
Your spell library contained the following spells:

 Spells                   Type           Power      Damage    Failure   Level
 Magic Dart               Conj           0%         1d3       41%         1
 Call Imp                 Summ           0%         N/A       56%         2
 Mephitic Cloud           Conj/Pois/Air  0%         N/A       80%         3
 Vhi's Electric Charge    Tloc/Air       0%         N/A       80%         3
 Arcjolt                  Conj/Air       0%         1d10      100%        5
 Plasma Beam              Fire/Air       0%         2x1d11    100%        6


Dungeon Overview and Level Annotations

Branches:
Dungeon (8/15)             Temple (0/1) D:6
   Lair: D:8-11

Altars:
Ashenzari
Cheibriados
Elyvilon
Fedhas
Gozag
Hepliaklqana
Kikubaaqudgha
Makhleb
Nemelex Xobeh
Qazlal
Vehumet
Wu Jian
Yredelemnul
Zin
The Shining One

Shops:
D:4 (   D:7 ([


Message History

The sky beast is almost dead.
The river rat bites you but does no damage.
The sky beast closely misses you. The sky beast attacks as you move away!
The sky beast closely misses you.
You kill the sky beast!
Your Fighting skill increases to level 9!
The river rat attacks as you move away! You block the river rat's attack.
You whack the river rat!
The river rat looks as sick as possible!
The river rat is severely wounded.
You kill the river rat!
You whack the orc!
You kill the orc!
You whack the death yak!
The death yak is poisoned.
The death yak is lightly wounded.
An orc wizard comes into view. It is wielding a +0 dagger.
The death yak completely misses you.
You hit the death yak but do no damage.
The death yak looks as sick as possible!
The death yak is lightly wounded.
The death yak gores you but does no damage.
You whack the death yak!
The death yak looks as sick as possible!
The death yak is moderately wounded.
The death yak gores you!!
You whack the death yak!
The death yak is heavily wounded.
The orc wizard casts a spell.
The orc wizard flickers and vanishes!
Deactivating autopickup; reactivate with Ctrl-A.
The death yak gores you!! The death yak attacks as you move away!
The death yak barely misses you. The death yak attacks as you move away!
The death yak gores you!!
* * * LOW HITPOINT WARNING * * *
Okay, then.
You whack the death yak!
The death yak looks as sick as possible!
The death yak is severely wounded.
The death yak gores you!!
You die...

)........#..####
###..##..#...# .....
#........#.# .#...
#..[...#...# ....
########...#### ... ..#
#...# YY .#.# #...#
r##.#.# #...#
##†..#.######@..#####
.#.#..###.#.YYrY........
.........r..............
.#...#.†..#.............
#..###.########...#####
### #.## #...# ..# #...#
##. #...# # #...#


You could see 3 death yaks and 2 river rats.

Vanquished Creatures
  Pikel (D:5)
  An unseen horror (D:7)
  Prince Ribbit (D:5)
  A steam dragon (D:7)
  Edmund (D:6)
  Menkaure (D:5)
  A black bear (D:6)
  2 sky beasts
  2 ogres
  2 centaurs (D:7)
  A phantom (D:5)
  A bullfrog (D:6)
  2 scorpions
  4 electric eels (D:6)
  5 hounds
  2 jellies
  3 orc priests
  4 gnoll boudas
  5 iguanas
  A sleepcap (D:4)
  An orc wizard (D:3)
  2 hell rats (D:8)
  16 gnolls
  5 adders
  A river rat (D:8)
  2 shadow imps
  An ufetubus (D:6)
  5 worms
  3 dart slugs
  14 orcs
  8 bats
  10 endoplasms
  6 giant cockroaches
  13 goblins
  7 hobgoblins
  2 jackals (D:1)
  5 quokkas
  6 ball pythons
  3 frilled lizards (D:2)
  7 kobolds
  4 rats
162 creatures vanquished.

Vanquished Creatures (others)
  4 orcs (D:7)
4 creatures vanquished.

Grand Total: 166 creatures vanquished

Notes
Turn   | Place    | Note
-------+----------+-------------------------------------------
     0 | D:1      | Nithhogg the Hill Orc Fighter began the quest for the Orb.
     0 | D:1      | Reached XP level 1. HP: 19/19 MP: 1/1
    68 | D:1      | Reached XP level 2. HP: 27/27 MP: 2/2
    75 | D:1      | Reached skill level 1 in Invocations
   223 | D:1      | Found a faded altar of an unknown god.
   293 | D:1      | Reached XP level 3. HP: 33/33 MP: 4/4
  1106 | D:2      | Reached XP level 4. HP: 40/40 MP: 5/5
  1687 | D:3      | Identified the +11 whip "Uchat" {venom, Contam MP+9 Int+9}
  1765 | D:3      | Reached XP level 5. HP: 29/47 MP: 7/7
  2363 | D:4      | Found an ancient bone altar of Kikubaaqudgha.
  2364 | D:4      | Found an ornate altar of the Wu Jian Council.
  2364 | D:4      | Found a hazy altar of Hepliaklqana.
  2364 | D:4      | Found a radiant altar of Vehumet.
  2365 | D:4      | Found a snail-covered altar of Cheibriados.
  2365 | D:4      | Found a blossoming altar of Fedhas.
  2366 | D:4      | Found a sparkling altar of Nemelex Xobeh.
  2366 | D:4      | Found a broken altar of Ashenzari.
  2367 | D:4      | Found a basalt altar of Yredelemnul.
  2438 | D:4      | Reached skill level 5 in Fighting
  2444 | D:4      | Reached XP level 6. HP: 21/56 MP: 8/8
  2700 | D:4      | Found a stormy altar of Qazlal.
  2702 | D:4      | Found an opulent altar of Gozag.
  2928 | D:4      | Found Ewkomo's Weapon Emporium.
  3406 | D:5      | Entered Level 5 of the Dungeon
  3489 | D:4      | Reached skill level 5 in Axes
  3708 | D:5      | Reached skill level 5 in Armour
  3708 | D:5      | Reached XP level 7. HP: 48/62 MP: 10/10
  3866 | D:5      | Noticed Pikel
  3872 | D:5      | Killed Pikel
  3873 | D:5      | Reached skill level 5 in Invocations
  3873 | D:5      | Reached XP level 8. HP: 68/71 MP: 12/12
  4010 | D:5      | Noticed Menkaure
  4018 | D:5      | Killed Menkaure
  4158 | D:5      | Noticed Prince Ribbit
  4180 | D:5      | Killed Prince Ribbit
  4307 | D:5      | Found a white marble altar of Elyvilon.
  4309 | D:5      | Found a glowing silver altar of Zin.
  4310 | D:5      | Found a glowing golden altar of the Shining One.
  4315 | D:5      | Became a worshipper of the Shining One
  4576 | D:6      | Reached XP level 9. HP: 79/79 MP: 14/14
  4717 | D:6      | Noticed Edmund
  4729 | D:6      | Killed Edmund
  5186 | D:6      | Found a staircase to the Ecumenical Temple.
  5820 | D:7      | Noticed an unseen horror
  5820 | D:7      | Reached * piety under the Shining One
  5829 | D:7      | Killed an unseen horror
  6039 | D:7      | Found Qozanyas's Weapon Emporium.
  6606 | D:7      | Found a burning altar of Makhleb.
  6718 | D:7      | Found Kyhoss's Antique Armour Shop.
  6883 | D:8      | Noticed a death yak
  6888 | D:8      | Noticed a death yak
  6888 | D:8      | Noticed a death yak
  6912 | D:8      | Slain by a death yak

Illustrated notes

Levels and vault maps discovered:
D:1:      dpeg_arrival_orchard, layout_basic, ebering_ecumenical_altar_abandoned
D:2:      cheibrodos_greedy_goblins, layout_rooms
D:3:      layout_loops_ring
D:4:      layout_layer_cave, nicolae_overflows_in_rows, serial_shops, shop
D:5:      cheibrodos_quashed, layout_rooms, good_gods_temple_1,
          kennysheep_boxes, uniq_prince_ribbit1, uniq_pikel, uniq_menkaure
D:6:      layout_rooms, minmay_temple_entry_mist, serial_bayou,
          serial_bayou_pond_d, serial_bayou_lake_a, serial_bayou_pond_b,
          serial_bayou_lagoon_a, uniq_edmund
D:7:      layout_basic, mainiacjoe_overflow_alcove_4, serial_shops, shop, shop,
          minivault_27, uniq_crazy_yiuf_cottage
D:8:      layout_loops_cross, dpeg_lair_monsters, ebering_ghost_reflecting_pool

Skill      XL: |  1  2  3  4  5  6  7  8  9 |
---------------+----------------------------+-----
Axes           | 3 4 5 6 7 9 |  9.3
Invocations    | 1 2 3 4 5 7 8 |  8.8
Fighting       | 4 5 6 7 9 |  9.0
Armour         | 4 5 6 8 |  8.2
Shields        | |  3.2

Action                     |  1- 3 |  4- 6 |  7- 9 || total
---------------------------+-------+-------+-------++-------
  Melee: War axe           |   103 |       |       ||   103
         Punch             |     1 |       |     1 ||     2
         Broad axe         |       |    32 |       ||    32
         Whip              |       |    83 |   188 ||   271
 Armour: Scale mail        |    68 |    51 |    57 ||   176
  Dodge: Dodged            |    52 |    53 |    75 ||   180
  Block: Other             |       |     1 |    37 ||    38

Table legend: (Time is in decaauts)
 A = Elapsed time spent in this place.
 B = Non-inter-level travel time spent in this place.
 C = Inter-level travel time spent in this place.
 D = Time resting spent in this place.
 E = Time spent auto-exploring this place.
 F = Levels seen in this place.
 G = Mean time per level.
                   A        B        C        D        E       F      G
               +--------+--------+--------+--------+--------+-----+--------+
         Total |   6998 |   6842 |    156 |    427 |   5425 |   8 |  874.8 |
       Dungeon |   6998 |   6842 |    156 |    427 |   5425 |   8 |  874.8 |
               +--------+--------+--------+--------+--------+-----+--------+

Top non-repeatable levels by time:
     D:4: 1412 daAuts
     D:6: 1216 daAuts
     D:7: 1122 daAuts
     D:5: 1006 daAuts
     D:1: 954 daAuts
     D:3: 741 daAuts
     D:2: 482 daAuts
     D:8: 61 daAuts
